[Event "Team 45 45 League T25"]
[Site "Internet Chess Club"]
[Date "2004.12.19"]
[Round "2"]
[White "Unbeliever"]
[Black "LadyLuck"]
[Result "1-0"]
[WhiteElo "2049"]
[BlackElo "1927"]
[TimeControl "2700+45"]

1. e4 e6 2. d4 c5 3. d5 exd5 4. exd5 d6 5. c4 g6 6. Bd3 Bg7 7. Ne2 Nf6 8. Nbc3
O-O 9. O-O Na6 10. f4 Bg4 11. h3 Bd7 12. f5 Qc8 13. Ng3 Nc7 14. Rb1 a6 15. Bf4
Nfe8 16. Nce4 Bxf5 17. Nxf5 gxf5 18. Nxd6 Nxd6 19. Bxd6 Re8 20. Bxf5 Qd8 21.
Bxc5 Qg5 22. Qg4 Qxg4 23. Bxg4 b5 24. b3 bxc4 25. bxc4 Re4 26. Rfc1 Bh6 27. Rc2
Be3+ 28. Bxe3 Rxe3 29. d6 Ne6 30. Kf2 Rd3 31. Bxe6 fxe6 32. c5 Kf7 33. Rb7+ Kf6
34. Rxh7 e5 35. d7 Ke6 36. c6 Rf8+ 37. Ke2 Rg3 38. Ke1 Re3+ 39. Re2 Rc3 40. Rh6+
Kd5 41. Rd2+ Ke4 42. d8=Q Re3+ 43. Kd1 Rf1+ 44. Kc2 {Black resigns} 1-0

[Event "Team 45 45 League T25"]
[Site "Internet Chess Club"]
[Date "2004.12.18"]
[Round "2"]
[White "allanchs"]
[Black "Zornorph"]
[Result "0-1"]
[WhiteElo "1615"]
[BlackElo "1973"]
[TimeControl "2700+45"]

1. e4 e5 2. Nf3 d6 3. Bc4 Nf6 4. d3 Be7 5. Nc3 Nc6 6. h3 Na5 7. Bb3 Nxb3 8. axb3
O-O 9. Be3 Ne8 10. Nd5 f5 11. Nxe7+ Qxe7 12. exf5 Rxf5 13. Qd2 b6 14. O-O-O Bb7
15. Qe2 a5 16. Rhg1 a4 17. bxa4 Rxa4 18. b3 Ra2 19. Kb1 Ra8 20. Kb2 e4 21. dxe4
Qxe4 22. Nd4 Rfa5 23. Ra1 Rxa1 24. Rxa1 Rxa1 25. Kxa1 Qxg2 26. Qg4 Qxg4 27. hxg4
Kf7 28. Kb2 c5 29. Ne2 Bf3 30. Nf4 Bxg4 31. Nd5 b5 32. c3 Bf3 33. Nf4 Nf6 34. b4
Ng4 35. bxc5 Nxe3 36. fxe3 dxc5 37. Nd3 Ke6 38. Nxc5+ Kd5 39. Nb3 Bd1 {White
resigns} 0-1

[Event "Team 45 45 League T25"]
[Site "Internet Chess Club"]
[Date "2004.12.19"]
[Round "2"]
[White "MrAnderssen"]
[Black "ebattousai"]
[Result "1-0"]
[WhiteElo "1616"]
[BlackElo "1551"]
[TimeControl "2700+45"]

1. e4 e5 2. d4 exd4 3. c3 d5 4. exd5 Qxd5 5. cxd4 Nc6 6. Be3 Nf6 7. Nc3 Bb4 8.
Nf3 Bg4 9. Be2 Qa5 10. O-O Bxc3 11. bxc3 O-O-O 12. Qc2 Nd5 13. c4 Nxe3 14. fxe3
f6 15. Rab1 h6 16. Rb5 Qa6 17. Rfb1 b6 18. c5 Qb7 19. cxb6 axb6 20. d5 Na7 21.
Rxb6 {Black resigns} 1-0

[Event "Team 45 45 League T25"]
[Site "Internet Chess Club"]
[Date "2004.12.21"]
[Round "2"]
[White "KaissaXiaolin"]
[Black "Two-DogMan"]
[Result "1-0"]
[WhiteElo "1608"]
[BlackElo "1404"]
[TimeControl "2700+45"]

1. e4 e5 2. Nf3 Nc6 3. d4 d6 4. dxe5 dxe5 5. Qxd8+ Nxd8 6. Nxe5 Bd6 7. Bf4 Nf6
8. Nc3 O-O 9. f3 Nc6 10. Nxc6 Bxf4 11. Ne7+ Kh8 12. Nxc8 Raxc8 13. Bc4 Rcd8 14.
Rd1 Rxd1+ 15. Kxd1 Rd8+ 16. Ke1 Rd2 17. Ne2 Be3 18. Bb3 g6 19. h3 Kg7 20. g4 Nd7
21. f4 Nc5 22. h4 Nxb3 23. Rh3 Bb6 24. Rxb3 Rxc2 25. Kd1 Rc4 26. e5 Re4 27. Kd2
h6 28. Rf3 Ra4 29. Nc3 Ba5 30. a3 Rd4+ 31. Kc2 Rc4 32. Kb3 Rd4 33. Nb5 Rd2 34.
Nxa7 Bb6 35. Nb5 Rh2 36. g5 Rxh4 37. gxh6+ Rxh6 38. a4 Rh8 39. Kc4 Rd8 40. b4
Rd1 41. a5 Rc1+ 42. Rc3 Rxc3+ 43. Nxc3 Be3 44. Ne2 Kf8 45. Kd5 Ke7 46. b5 Kd7
47. a6 Ba7 48. axb7 Ke7 49. Nd4 Kd7 50. Nc6 {Black resigns} 1-0

[Event "Team 45 45 League T25"]
[Site "Internet Chess Club"]
[Date "2004.12.19"]
[Round "2"]
[White "bigarrow"]
[Black "StefanM"]
[Result "1-0"]
[WhiteElo "1841"]
[BlackElo "1861"]
[TimeControl "2700+45"]

1. e4 d5 2. Nc3 d4 3. Nce2 c5 4. Ng3 Nc6 5. Nf3 Nf6 6. Bc4 Bg4 7. O-O e5 8. d3
Bd6 9. h3 Bxf3 10. Qxf3 h6 11. Nh5 Kf8 12. a3 Qe7 13. Nxf6 Qxf6 14. Qxf6 gxf6
15. f4 Ke7 16. fxe5 Nxe5 17. Bd5 Rag8 18. Bxb7 Rg6 19. b4 Rhg8 20. Rf2 Rg3 21.
bxc5 Bxc5 22. Kh1 Nxd3 23. cxd3 Rxd3 24. Bxh6 Rb3 25. Bd5 Rbg3 26. Rb1 Bb6 27.
Bd2 d3 28. Bb4+ Ke8 29. Rxf6 R8g7 30. e5 d2 31. Bxd2 Rxa3 32. Rbf1 Bd4 33. Bxf7+
{Black resigns} 1-0

[Event "Team 45 45 League T25"]
[Site "Internet Chess Club"]
[Date "2004.12.18"]
[Round "2"]
[White "kingfischer57"]
[Black "Stav"]
[Result "1/2-1/2"]
[WhiteElo "1822"]
[BlackElo "1803"]
[TimeControl "2700+45"]

1. d4 Nf6 2. c4 c5 3. d5 d6 4. Nc3 e5 5. e4 Be7 6. g3 O-O 7. Bg2 Nbd7 8. Nge2
Ne8 9. O-O g6 10. f4 exf4 11. Nxf4 Ne5 12. b3 Ng7 13. Bb2 f5 14. Qd2 Bf6 15.
Rae1 Bd7 16. exf5 Nxf5 17. Ne4 Bg7 18. Rf2 Ng4 19. Bxg7 Kxg7 20. Rfe2 Nd4 21.
Qb2 Ne5 22. Rf2 Bf5 23. Rd1 Qb6 24. Nd3 Rae8 25. Nxe5 Rxe5 26. Nc3 a6 27. Ne2
Nxe2+ 28. Rxe2 Re8 29. Rde1 Qc7 {Game drawn by mutual agreement} 1/2-1/2

[Event "Team 45 45 League T25"]
[Site "Internet Chess Club"]
[Date "2004.12.20"]
[Round "2"]
[White "Bogelund"]
[Black "ogoon"]
[Result "1-0"]
[WhiteElo "1802"]
[BlackElo "1607"]
[TimeControl "2700+45"]

1. d4 d5 2. c4 c6 3. Nc3 Nf6 4. Nf3 dxc4 5. e4 b5 6. Be2 e6 7. O-O Ba6 8. e5 Nd5
9. Bg5 Be7 10. Bxe7 Qxe7 11. Ne4 Nd7 12. Nd6+ Kd8 13. Qc2 f6 14. a4 Nf4 15. axb5
Nxe2+ 16. Qxe2 Bxb5 17. Ra5 a6 18. Nxb5 cxb5 19. Qe4 Kc7 20. Rfa1 Kb6 21. Qe3
fxe5 22. Nxe5 Nxe5 23. dxe5+ Qc5 24. Rxa6+ Rxa6 25. Rxa6+ Kxa6 26. Qxc5 Rd8 27.
Qc6+ {Black resigns} 1-0

[Event "Team 45 45 League T25"]
[Site "Internet Chess Club"]
[Date "2004.12.18"]
[Round "2"]
[White "gessie7"]
[Black "Fegary"]
[Result "1-0"]
[WhiteElo "1598"]
[BlackElo "1693"]
[TimeControl "2700+45"]

1. e4 d6 2. Nf3 Nf6 3. Nc3 g6 4. b3 Bg7 5. Bb2 Nxe4 6. Qe2 Bf5 7. O-O-O c6 8.
Nxe4 Bxb2+ 9. Kxb2 O-O 10. h4 b5 11. d4 b4 12. h5 Qa5 13. Nh4 Qa3+ 14. Kb1 Bxe4
15. Qxe4 a5 16. Bb5 d5 17. Qxe7 cxb5 18. h6 Ra6 19. Qe5 f6 20. Qxd5+ Kh8 21.
Nxg6+ hxg6 22. Qb7 Rg8 23. h7 Rf8 24. Qe7 Rc8 25. Rh6 Rac6 26. Rxg6 Rxc2 27.
Qg7# {Black checkmated} 1-0

[Event "Team 45 45 League T25"]
[Site "Internet Chess Club"]
[Date "2004.12.16"]
[Round "2"]
[White "Satan"]
[Black "Rossinantes"]
[Result "1-0"]
[WhiteElo "2188"]
[BlackElo "2329"]
[TimeControl "2700+45"]

1. e4 c5 2. Nf3 d6 3. d4 cxd4 4. Nxd4 Nf6 5. Nc3 a6 6. Bg5 e6 7. f4 b5 8. e5
dxe5 9. fxe5 Qc7 10. exf6 Qe5+ 11. Be2 Qxg5 12. Qd3 Ra7 13. Ne4 Qe5 14. O-O-O
Rd7 15. Qc3 Bb7 16. Nxb5 Qxe4 17. Qc7 gxf6 18. Qxb8+ Ke7 19. Rxd7+ Kxd7 20. Rd1+
Bd5 21. Qc7+ Ke8 22. Nc3 Qb4 23. Bf3 Bh6+ 24. Kb1 Kf8 25. Bxd5 exd5 26. Nxd5 Qh4
27. g3 Qg5 28. Nf4 Qg4 29. Qd7 Qxd7 30. Rxd7 Kg7 31. c4 Re8 32. Kc2 Bxf4 33.
gxf4 Re4 34. Kc3 Rxf4 35. c5 Kf8 36. b4 f5 37. c6 Ke8 38. Rd2 Rf1 39. a4 Rc1+
40. Rc2 Rb1 41. Kc4 Kd8 42. b5 f4 43. Rd2+ Kc8 44. Kc5 axb5 45. a5 Rc1+ 46. Kb6
f3 47. a6 f2 48. a7 Ra1 49. Rxf2 {Black resigns} 1-0

[Event "Team 45 45 League T25"]
[Site "Internet Chess Club"]
[Date "2004.12.15"]
[Round "2"]
[White "trevor21"]
[Black "KindlyKing"]
[Result "1/2-1/2"]
[WhiteElo "2160"]
[BlackElo "2091"]
[TimeControl "2700+45"]

1. d4 Nf6 2. c4 g6 3. Nc3 d5 4. cxd5 Nxd5 5. e4 Nxc3 6. bxc3 Bg7 7. Be3 c5 8.
Qd2 Qa5 9. Rc1 cxd4 10. cxd4 Qxd2+ 11. Kxd2 O-O 12. Bb5 Rd8 13. Ne2 e6 14. f3 b6
15. Rc2 Na6 16. Rhc1 Bb7 17. a3 Kf8 18. Kd3 Rac8 19. Rxc8 Rxc8 20. Rxc8+ Bxc8
21. Nc3 Nc7 22. Bc4 Ke7 23. Bf4 Ne8 24. Nb5 a6 25. Nc7 Nxc7 26. Bxc7 b5 27. Bb3
Kd7 28. Bb6 Bb7 29. Bc5 Bf6 30. a4 bxa4 31. Bxa4+ Bc6 32. Bb3 Be7 33. Kc4 Bb5+
34. Kb4 Bf1 35. g3 Bxc5+ 36. Kxc5 Bb5 37. f4 h5 38. h4 Bd3 39. e5 Bb5 40. d5
exd5 41. Bxd5 Ke7 42. Bf3 Bf1 43. g4 hxg4 44. Bxg4 Bd3 45. h5 gxh5 46. Bxh5 f6
47. Kd4 fxe5+ 48. Kxe5 Bb5 49. f5 Bd3 50. f6+ Kf8 51. Kd4 Bb5 52. Kc5 Be8 53.
Be2 Kf7 54. Bxa6 Kxf6 {Game drawn because neither player has mating material}
1/2-1/2

[Event "Team 45 45 League T25"]
[Site "Internet Chess Club"]
[Date "2004.12.19"]
[Round "2"]
[White "ChessmanDan"]
[Black "VentasD"]
[Result "0-1"]
[WhiteElo "1781"]
[BlackElo "2158"]
[TimeControl "2700+45"]

1. e4 e5 2. Nf3 Nc6 3. Bc4 Bc5 4. b4 Bxb4 5. c3 Be7 6. d4 d6 7. O-O Nf6 8. Bg5
O-O 9. Nbd2 a6 10. a4 Bg4 11. Qb1 Rb8 12. Be3 exd4 13. cxd4 d5 14. exd5 Nxd5 15.
Bd3 h6 16. Bc4 Be6 17. Qe4 Nf6 18. Qd3 Nb4 19. Qc3 Bxc4 20. Nxc4 Nbd5 21. Qc1
Ne4 22. Nce5 Bf6 23. Bxh6 gxh6 24. Qxh6 Bg7 25. Qh5 Nef6 26. Qf5 Ne7 27. Qg5 Nh7
28. Qg4 Qc8 29. Qh4 Ng6 30. Nxg6 fxg6 31. Ra3 Qd8 32. Qg4 Qd6 33. Re3 Rf4 34.
Qh3 Rf5 35. Rfe1 Nf8 36. g4 Rf4 37. Ng5 Qf6 38. Qh4 Bh6 39. Qxh6 Rxg4+ 40. Rg3
Rxg3+ 41. hxg3 Rd8 42. Rc1 c6 43. Rd1 Rd5 44. Ne4 Qf3 45. Re1 Rh5 46. Nf6+ Qxf6
47. Qe3 Qf7 48. Kg2 Qd5+ 49. f3 a5 50. Re2 Rf5 51. g4 Rf6 52. Kg3 Re6 {White
resigns} 0-1

[Event "Team 45 45 League T25"]
[Site "Internet Chess Club"]
[Date "2004.12.16"]
[Round "2"]
[White "WesleyCrusher"]
[Black "zao"]
[Result "0-1"]
[WhiteElo "2074"]
[BlackElo "2022"]
[TimeControl "2700+45"]

1. e4 e5 2. Nf3 Nc6 3. Bb5 a6 4. Ba4 Nf6 5. O-O Be7 6. Re1 b5 7. Bb3 O-O 8. a4
Bb7 9. d3 d6 10. Nc3 Na5 11. Ba2 b4 12. Ne2 c5 13. Ng3 Bc8 14. h3 Be6 15. Bxe6
fxe6 16. b3 Nc6 17. Nd2 d5 18. exd5 exd5 19. Nf3 Nd7 20. Bb2 Bd6 21. Qd2 Nd4 22.
Nh2 Qc7 23. Ng4 Rae8 24. Ne3 Qc6 25. Bxd4 cxd4 26. Nef5 Bc5 27. Qg5 Qf6 28. Qxf6
Rxf6 29. Nh4 Rf4 30. Nf3 e4 31. Re2 e3 32. Rae1 Ne5 33. Nxe5 Rxe5 34. Rf1 h5 35.
fxe3 Rxf1+ 36. Nxf1 dxe3 37. Nh2 d4 38. g4 hxg4 39. hxg4 Rg5 40. Rg2 Bd6 41. Nf3
Rd5 42. Kf1 Bf4 43. g5 Bc7 44. Rg4 Bb6 45. Re4 a5 46. Re6 Bd8 47. g6 Kf8 48. Ne5
Bf6 49. Nc4 Rf5+ 50. Kg2 Rf2+ 51. Kg3 Rxc2 52. Nd6 Be7 53. Nf5 Bc5 54. Ra6 Ke8
55. Nxg7+ Kd7 56. Ne6 Bd6+ 57. Nf4 Bxf4+ 58. Kxf4 e2 59. Ra7+ Rc7 60. Rxc7+ Kxc7
61. g7 e1=Q 62. g8=Q Qe3+ 63. Kf5 Qxd3+ 64. Ke5 Qe3+ 65. Kf5 d3 66. Qc4+ Kd7 67.
Qd5+ Ke7 68. Qb7+ Kf8 69. Qb8+ Qe8 70. Qd6+ Qe7 71. Qb8+ Kf7 72. Kg4 Qe2+ 73.
Kg3 Qe1+ 74. Kg2 Qe4+ 75. Kh3 Qf5+ 76. Kh2 Ke6 77. Qc8+ Ke5 78. Qc5+ Ke4 79.
Qc4+ Kf3 80. Qc6+ Ke2 81. Qc4 Kd1 82. Kg2 d2 83. Kg1 Ke1 84. Qh4+ Ke2 85. Qh2+
Kd3 86. Qd6+ Kc2 87. Qc6+ Kb1 88. Qd6 Qc2 {White resigns} 0-1

[Event "Team 45 45 League T25"]
[Site "Internet Chess Club"]
[Date "2004.12.19"]
[Round "2"]
[White "pawnateer"]
[Black "Quoyle"]
[Result "1-0"]
[WhiteElo "2392"]
[BlackElo "2434"]
[TimeControl "2700+45"]

1. h3 d5 2. b4 e5 3. a3 Bd6 4. e3 c6 5. Bb2 Ne7 6. d4 e4 7. Ne2 O-O 8. Nd2 Nf5
9. c4 Nxe3 10. fxe3 Qh4+ 11. g3 Bxg3+ 12. Nxg3 Qxg3+ 13. Ke2 f5 14. Qe1 Qg5 15.
Kd1 f4 16. exf4 Qxf4 17. Be2 e3 18. Nf3 Bf5 19. Qh4 Qd6 20. Qg5 a5 21. Rg1 g6
22. Ne5 axb4 23. Qxe3 bxa3 24. Bxa3 Qd8 25. Kd2 Qb6 26. Qc3 Re8 27. Rgf1 Bxh3
28. Bc5 Rxa1 29. Rxa1 {Black resigns} 1-0

[Event "Team 45 45 League T25"]
[Site "Internet Chess Club"]
[Date "2004.12.21"]
[Round "2"]
[White "phoenix10q72"]
[Black "millmag2000"]
[Result "1/2-1/2"]
[WhiteElo "2302"]
[BlackElo "2253"]
[TimeControl "2700+45"]

1. e4 e5 2. Bc4 Nf6 3. d3 c6 4. Nf3 d5 5. Bb3 Bd6 6. Nc3 dxe4 7. Ng5 O-O 8.
Ncxe4 Nxe4 9. Nxe4 Bf5 10. O-O Na6 11. Be3 Bxe4 12. dxe4 Bc5 13. Qxd8 Raxd8 14.
Bg5 Rd4 15. Rfe1 h6 16. c3 Rd6 17. Bh4 Rd2 18. Rab1 g5 19. Bg3 Bb6 20. Bc4 Nc5
21. Kf1 Rfd8 22. f3 Bc7 23. Re2 b5 24. Rxd2 Rxd2 25. Be1 Rc2 26. Be2 Na4 27. Rd1
Nxb2 28. Rd7 Ba5 29. Rd6 Bxc3 30. Rxc6 b4 31. Bxc3 bxc3 32. Rxh6 Rc1+ 33. Kf2 c2
34. Rc6 Nd1+ 35. Kg3 Ne3 36. Bd3 Rg1 37. Rxc2 Nxc2 38. Bxc2 Kg7 39. Bb3 a5 40.
Kf2 Rb1 41. h3 Rb2+ 42. Kg3 Rd2 43. Kh2 Rd4 44. Kg3 a4 45. Bd5 f5 46. h4 Kh6 47.
Kh3 Rd3 {Game drawn by mutual agreement} 1/2-1/2

[Event "Team 45 45 League T25"]
[Site "Internet Chess Club"]
[Date "2004.12.17"]
[Round "2"]
[White "Vombat"]
[Black "jorobo"]
[Result "1/2-1/2"]
[WhiteElo "2161"]
[BlackElo "2175"]
[TimeControl "2700+45"]

1. d4 d5 2. c4 e6 3. Nc3 Nf6 4. Bg5 c5 5. e3 cxd4 6. Qxd4 Nc6 7. Qd1 Be7 8. Nf3
O-O 9. Bd3 dxc4 10. Bxc4 Qa5 11. O-O Rd8 12. Qc2 h6 13. Bh4 Bd7 14. a3 Rac8 15.
Bd3 a6 16. Rfd1 b5 17. b4 Qb6 18. Qb2 Ng4 19. Bg3 Bf6 20. Rac1 Be8 21. Be2 Rxd1+
22. Bxd1 Nge5 23. Nxe5 Bxe5 24. Bxe5 Nxe5 25. Be2 Nc4 26. Qa1 Nd6 27. Qb1 Bc6
28. Bd3 Qb7 29. f3 Qb6 30. Kf2 Bb7 31. Qb2 Nc4 32. Bxc4 Rxc4 33. Ne2 Bd5 34. Nd4
Qc7 35. Rxc4 Bxc4 36. g3 Qd6 37. Qc2 {Game drawn by mutual agreement} 1/2-1/2

[Event "Team 45 45 League T25"]
[Site "Internet Chess Club"]
[Date "2004.12.15"]
[Round "2"]
[White "megamaster"]
[Black "Gregorio"]
[Result "0-1"]
[WhiteElo "1869"]
[BlackElo "2126"]
[TimeControl "2700+45"]

1. e4 e5 2. Nf3 Nc6 3. d4 exd4 4. Bc4 Qf6 5. O-O d6 6. Bg5 Qg6 7. Bh4 Bg4 8. Bb5
Ne7 9. Qd3 Bxf3 10. Qxf3 f6 11. c3 a6 12. Ba4 b5 13. Bb3 Ne5 14. Qe2 N7c6 15.
Bd5 dxc3 16. bxc3 Kd7 17. Nd2 Qg4 18. Qxg4+ Nxg4 19. h3 Nge5 20. Nb3 Rb8 21. Nd4
Nd8 22. f4 Ng6 23. Bg3 Ne7 24. Bb3 c5 25. Nf3 c4 26. Bc2 Nec6 27. Rfd1 Be7 28.
e5 Nb7 29. exd6 Bxd6 30. f5 Kc7 31. Bxd6+ Nxd6 32. a3 Rhe8 33. Re1 Kb6 34. Rad1
Kc5 35. Kf2 a5 36. Rxe8 Rxe8 37. Re1 Rxe1 38. Kxe1 b4 39. axb4+ axb4 40. cxb4+
Nxb4 41. Bb1 c3 42. Kd1 Nc4 43. g4 Ne3+ 44. Kc1 Nc6 45. Ne1 Nd4 46. Bc2 Ndxc2
47. Nxc2 Nxc2 48. Kxc2 Kd4 49. Kc1 Ke5 50. Kc2 Kf4 51. Kxc3 Kg3 {White resigns}
0-1

[Event "Team 45 45 League T25"]
[Site "Internet Chess Club"]
[Date "2004.12.17"]
[Round "2"]
[White "chesskilleruk"]
[Black "Khaifas"]
[Result "0-1"]
[WhiteElo "2093"]
[BlackElo "2530"]
[TimeControl "2700+45"]

1. e4 c5 2. Nf3 d6 3. d4 cxd4 4. Nxd4 Nf6 5. Nc3 a6 6. Bg5 e6 7. f4 Qc7 8. Qf3
b5 9. O-O-O b4 10. e5 Bb7 11. Ncb5 axb5 12. Bxb5+ Nbd7 13. Qh3 b3 14. Qxb3 Bd5
15. c4 Ne4 16. Qc2 Bb7 17. b4 Nxg5 18. fxg5 O-O-O 19. Bxd7+ Rxd7 20. Nb5 Qb6 21.
Rhe1 d5 22. Qa4 Bc6 23. Rd2 Be7 24. Rc2 dxc4 25. Rxc4 Kb8 {White resigns} 0-1

[Event "Team 45 45 League T25"]
[Site "Internet Chess Club"]
[Date "2004.12.16"]
[Round "2"]
[White "SonnyBlack"]
[Black "johanh"]
[Result "1-0"]
[WhiteElo "2003"]
[BlackElo "2134"]
[TimeControl "2700+45"]

1. e4 c5 2. Nf3 Nc6 3. c3 Nf6 4. e5 Nd5 5. d4 cxd4 6. Bc4 Nb6 7. Bb3 d5 8. exd6
Qxd6 9. O-O e6 10. Na3 Be7 11. Nb5 Qd8 12. Nbxd4 Nxd4 13. Nxd4 a6 14. Qe2 Qc7
15. Re1 O-O 16. Bc2 Bf6 17. Qe4 g6 18. Bf4 Qc5 19. Rad1 Nd5 20. Bh6 Re8 21. h4
Ne7 22. g3 e5 23. Nb3 Qc7 24. h5 Bf5 25. Qe2 Bxc2 26. Qxc2 Nf5 27. Qc1 a5 28.
hxg6 hxg6 29. Bg5 Bg7 30. Nd2 f6 31. Be3 Nxe3 32. Rxe3 Rad8 33. Qc2 f5 34. Nf3
Bf6 35. Qb3+ Kg7 36. Rxd8 Rxd8 37. Qb5 e4 38. Nd4 Rd6 39. Qb3 Qb6 40. Qc2 Bxd4
41. cxd4 Qxd4 42. Qc7+ Rd7 43. Qxa5 Qxb2 44. Rb3 Qd4 45. Qa8 Qd5 46. Qa3 Qe5 47.
Qa8 Qd5 48. Qa3 Kf7 49. Qb2 Kg8 50. Qf6 Qf7 51. Qb2 Qg7 52. Qb1 Rc7 53. Kg2 Qe7
54. Rb6 Qf7 55. Qb2 Kh7 56. Qb1 Qd5 57. Qh1+ Kg7 58. Qa1+ Kh6 59. Qh1+ Kg7 60.
Qa1+ Kg8 61. Rxg6+ Kh7 62. Qf6 e3+ 63. Kh2 Qf7 64. Rh6+ Kg8 65. Rh8# {Black
checkmated} 1-0

[Event "Team 45 45 League T25"]
[Site "Internet Chess Club"]
[Date "2004.12.17"]
[Round "2"]
[White "DeLaSalle"]
[Black "SnoopDoggyDogg"]
[Result "1-0"]
[WhiteElo "2079"]
[BlackElo "1912"]
[TimeControl "2700+45"]

1. d4 Nf6 2. Nf3 e6 3. e3 b6 4. Bd3 Bb7 5. Nbd2 c5 6. b3 d5 7. Bb2 Nbd7 8. O-O
Be7 9. Ne5 O-O 10. Qf3 Ne4 11. Nxe4 dxe4 12. Bxe4 Bxe4 13. Qxe4 Nxe5 14. dxe5 b5
15. Rfd1 Qb6 16. c4 b4 17. Rd7 Rfe8 18. Rxe7 {Black resigns} 1-0

[Event "Team 45 45 League T25"]
[Site "Internet Chess Club"]
[Date "2005.01.02"]
[Round "2"]
[White "LeifEricson"]
[Black "baumhauer"]
[Result "0-1"]
[WhiteElo "1820"]
[BlackElo "1923"]
[TimeControl "2700+45"]

1. d4 Nf6 2. Bf4 d5 3. h3 Bf5 4. e3 e6 5. Ne2 Nbd7 6. Nd2 Nb6 7. c3 Bd6 8. g4
Bg6 9. Bg3 Ne4 10. Nf4 Nxg3 11. fxg3 h6 12. Bg2 Bh7 13. O-O Qe7 14. Qe2 c6 15.
Nh5 O-O 16. Rae1 e5 17. Nf3 Nd7 18. Nh4 g6 19. dxe5 Bxe5 20. Nf4 g5 21. Nf5 Bxf5
22. gxf5 gxf4 23. exf4 Qc5+ 24. Kh1 Bf6 25. Qh5 Kg7 26. g4 Rae8 27. g5 hxg5 28.
fxg5 Rh8 29. gxf6+ Kxf6 30. Qg4 Ne5 31. Qg3 Qc4 32. Re3 Qh4 33. Qh2 Nc4 34. Rxe8
Rxe8 35. Qc7 Re7 36. Qb8 Rd7 37. Qxa7 Nxb2 38. Qb8 Nc4 39. Qc8 Re7 40. Qd8 Ke5
41. f6 Re6 42. Qc7+ Nd6 43. Qb6 Rxf6 44. Qe3+ Ne4 45. Rd1 Qg3 46. Qe2 Rf2 47.
Qh5+ Ke6 48. Qg4+ Qxg4 49. hxg4 Rxa2 50. Rb1 b5 51. c4 bxc4 52. Bxe4 dxe4 53.
Rc1 Kd5 {White resigns} 0-1

[Event "Team 45 45 League T25"]
[Site "Internet Chess Club"]
[Date "2004.12.18"]
[Round "2"]
[White "trikmamak"]
[Black "Arshanay"]
[Result "0-1"]
[WhiteElo "2246"]
[BlackElo "2288"]
[TimeControl "2700+45"]

1. e4 e6 2. d4 d5 3. Nc3 Bb4 4. e5 c5 5. a3 Bxc3+ 6. bxc3 Qa5 7. Qd2 Qa4 8. Rb1
a6 9. Nf3 Nc6 10. Bd3 c4 11. Be2 Nge7 12. h4 b5 13. g3 Rb8 14. Kf1 O-O 15. Kg2
f6 16. h5 fxe5 17. Nxe5 Nxe5 18. dxe5 Bb7 19. f4 d4+ 20. Bf3 Bxf3+ 21. Kxf3 dxc3
22. Qd6 Kf7 23. Rh2 Rfd8 24. Qc7 Rbc8 25. Qb7 Rd1 26. h6 g6 27. Qb6 Nd5 28. Qb7+
Rc7 29. Qb8 Rd2 30. Bxd2 Qxc2 31. Rhh1 Qd3+ 32. Kg4 cxd2 33. Kh4 c3 34. Qh8 g5+
35. fxg5 Ne3 36. Qg7+ Ke8 37. Qxc7 Qe4+ 38. Kh3 Qg4+ 39. Kh2 Qh5+ 40. Kg1 d1=Q+
41. Rxd1 Qxd1+ 42. Kf2 Ng4+ 43. Kg2 Qd5+ 44. Kg1 Qd4+ 45. Kg2 Qe4+ 46. Kg1 Qb1+
47. Kg2 Qc2+ 48. Kf3 Qf5+ 49. Ke2 Qe4+ 50. Kd1 Qd3+ {White resigns} 0-1

[Event "Team 45 45 League T25"]
[Site "Internet Chess Club"]
[Date "2004.12.18"]
[Round "2"]
[White "syy89"]
[Black "imbak"]
[Result "1/2-1/2"]
[WhiteElo "2081"]
[BlackElo "2162"]
[TimeControl "2700+45"]

1. e4 c5 2. Nf3 d6 3. d4 cxd4 4. Nxd4 Nf6 5. Nc3 Nc6 6. f3 e5 7. Nb3 Be6 8. Be3
d5 9. exd5 Nxd5 10. Nxd5 Qxd5 11. Qxd5 Bxd5 12. O-O-O O-O-O 13. Bb5 Bxb3 14.
axb3 Nd4 15. Bc4 Bc5 16. Bxd4 exd4 17. Bxf7 Bb4 18. Rd3 Kc7 19. Rhd1 Bc5 20. b4
Bxb4 21. Rxd4 Bc5 22. Rc4 Kb6 23. Re1 Rd6 24. Rc3 Rhd8 25. Rb3+ Kc7 26. Re7+
R8d7 27. Rxd7+ Rxd7 28. Be6 {Game drawn by mutual agreement} 1/2-1/2

[Event "Team 45 45 League T25"]
[Site "Internet Chess Club"]
[Date "2004.12.18"]
[Round "2"]
[White "kikian"]
[Black "sloper-c"]
[Result "1-0"]
[WhiteElo "2065"]
[BlackElo "2033"]
[TimeControl "2700+45"]

1. e4 d6 2. d4 Nf6 3. Nc3 g6 4. f4 Bg7 5. Nf3 c5 6. dxc5 Qa5 7. Bd3 Qxc5 8. Qe2
Nc6 9. Be3 Qa5 10. O-O O-O 11. Kh1 Bg4 12. h3 Nh5 13. Qe1 Bxf3 14. Rxf3 Nd4 15.
Rf1 Nc6 16. Bd2 e6 17. g4 Nf6 18. f5 Ne5 19. g5 Nfd7 20. f6 Bh8 21. Nd5 {Black
resigns} 1-0

[Event "Team 45 45 League T25"]
[Site "Internet Chess Club"]
[Date "2004.12.19"]
[Round "2"]
[White "Scotty2Cues"]
[Black "fledermaus"]
[Result "1/2-1/2"]
[WhiteElo "1927"]
[BlackElo "2014"]
[TimeControl "2700+45"]

1. e4 Nf6 2. Nc3 e5 3. Bc4 Nc6 4. f4 Bc5 5. fxe5 Nxe5 6. Be2 Bxg1 7. Rxg1 Nfg4
8. g3 h5 9. d4 Nc6 10. h3 Nh6 11. Bxh5 d6 12. h4 Bh3 13. Bg5 Qd7 14. Qd3 Ng4 15.
Bxg4 Bxg4 16. Nd5 Nd8 17. Ne3 f6 18. Bf4 Nf7 19. Nxg4 Qxg4 20. Qb5+ Qd7 21. Qxb7
O-O 22. Qb3 Rab8 23. Qc3 Rfe8 24. O-O-O Rxe4 25. Rde1 Rbe8 26. Rxe4 Rxe4 27. Re1
Qe6 28. Rxe4 Qxe4 29. Qe3 Qh1+ 30. Kd2 g6 31. c4 Qb7 32. b3 Qb4+ 33. Qc3 Qa3 34.
Qc2 c6 35. Qxg6+ Kf8 36. Bh6+ Ke7 37. Qe4+ Kd7 38. Bf8 Qxa2+ 39. Kc3 Qa1+ 40.
Kd2 Qb2+ 41. Ke3 Qc1+ 42. Kf3 {Game drawn by mutual agreement} 1/2-1/2

[Event "Team 45 45 League T25"]
[Site "Internet Chess Club"]
[Date "2004.12.17"]
[Round "2"]
[White "Catalog"]
[Black "akdog3"]
[Result "1/2-1/2"]
[WhiteElo "2133"]
[BlackElo "2163"]
[TimeControl "2700+45"]

1. d4 Nf6 2. c4 d6 3. Nc3 Nbd7 4. e4 e5 5. Nf3 g6 6. Bg5 c6 7. dxe5 dxe5 8. Nxe5
Qa5 9. Nxd7 Qxg5 10. Nxf8 Kxf8 11. Qd6+ Kg7 12. f4 Qa5 13. O-O-O Be6 14. Be2
Rhd8 15. Qe7 Re8 16. Qxb7 Qc5 17. e5 Ng4 18. Bxg4 Bxg4 19. Rde1 Qxc4 20. Re4 Qc5
21. Rf1 Bf5 22. Qb4 Qb6 23. Qxb6 axb6 24. Rd4 c5 25. Ra4 b5 26. Rxa8 Rxa8 27. a3
b4 28. Nb1 Rd8 29. Rf2 Rd4 30. Nd2 Kf8 31. axb4 cxb4 32. b3 Be6 33. Kc2 Ke7 34.
g3 h5 {Game drawn by mutual agreement} 1/2-1/2

[Event "Team 45 45 League T25"]
[Site "Internet Chess Club"]
[Date "2004.12.18"]
[Round "2"]
[White "MrHyde"]
[Black "EdBorowski"]
[Result "1-0"]
[WhiteElo "2189"]
[BlackElo "2066"]
[TimeControl "2700+45"]

1. c4 c6 2. g3 d5 3. Bg2 Nf6 4. Nf3 dxc4 5. Qc2 g6 6. Qxc4 Bg7 7. O-O O-O 8. d3
Bg4 9. Nc3 Nbd7 10. a4 Bxf3 11. Bxf3 Ne5 12. Qf4 Nxf3+ 13. Qxf3 Nd5 14. Bd2 e6
15. Rab1 Qf6 16. Qxf6 Bxf6 17. Ne4 Bg7 18. Rfc1 Rfd8 19. b4 h6 20. Kf1 Bf8 21.
Rc2 Rac8 22. Ke1 Rc7 23. Nc5 Bg7 24. Rbc1 Rdc8 25. h3 Ne7 26. Bf4 e5 27. Bd2 Nf5
28. Nb3 Bf8 29. g4 Ne7 30. e4 Rd8 31. Ke2 b6 32. Be3 Rcd7 33. Rd1 Bg7 34. a5 Rb7
35. axb6 axb6 36. Ra2 Kh7 37. Ra6 Rdb8 38. Rda1 f5 39. Ra8 Rxa8 40. Rxa8 f4 41.
Bd2 g5 42. f3 Kg6 43. Be1 Kf7 44. Ra6 Ke6 45. Bf2 Nc8 46. Kd2 Bf8 47. Kc3 Bd6
48. Bg1 Bc7 49. b5 c5 50. Nxc5+ {Black resigns} 1-0

[Event "Team 45 45 League T25"]
[Site "Internet Chess Club"]
[Date "2004.12.18"]
[Round "2"]
[White "Ser-Enigma"]
[Black "searchforbobby1"]
[Result "1/2-1/2"]
[WhiteElo "2066"]
[BlackElo "2134"]
[TimeControl "2700+45"]

1. e4 c5 2. Nf3 Nc6 3. d4 cxd4 4. Nxd4 Nf6 5. Nc3 e5 6. Ndb5 d6 7. Bg5 a6 8. Na3
b5 9. Bxf6 gxf6 10. Nd5 f5 11. Bxb5 axb5 12. Nxb5 Ra4 13. Nbc7+ Kd7 14. O-O Qg5
15. c4 Rg8 16. g3 Ra7 17. Nb5 Rb7 18. a4 f4 19. a5 Qh4 20. a6 fxg3 21. fxg3
Rxg3+ 22. hxg3 Qxg3+ 23. Kh1 Qh3+ 24. Kg1 Qg3+ 25. Kh1 Qh3+ 26. Kg1 Qg3+ 27. Kh1
Qh3+ 28. Kg1 Qg3+ 29. Kh1 Qh3+ {Game drawn by repetition} 1/2-1/2